Cogmind - Beta 16 @@@ ROGUE MODE // 2025.10.22 @ 23:39:07 Player: MIA Result: Destroyed by V7-5W5(R) with Subdweller Laser Performance ------------- Evolutions (0) 0 Regions Visited (2) 400 Robots Destroyed (8) 40 Value Destroyed (274) 274 Prototype IDs (0) 0 Alien Tech Used (0) 0 Bonus (0) 0 TOTAL SCORE: 714 Bonus ------- None Cogmind --------- Core Integrity 0/250 Matter 134/350 Energy 66/125 System Corruption 2% Temperature Warm (190) Movement Rolling (105) Ox1 Location -10/Subcaves Parts ------- > --- POWER (1) -------- Light Ion Engine > --- PROPULSION (2) --- Armored Wheel Armored Wheel > --- UTILITY (2) ------ High-capacity Storage Unit Small Matter Pod > --- WEAPON (2) ------- (None) > --- INVENTORY (20) --- Wheel Wheel Medium Storage Unit Subdweller Optics EM Pulse Gun Medium Laser Medium Laser Assault Rifle Autogun Peak State ------------ > --- POWER ------------ Ion Engine > --- PROPULSION ------- Improved Treads Improved Treads > --- UTILITY ---------- High-capacity Storage Unit Small Matter Pod > --- WEAPON ----------- Autogun Autogun > --- INVENTORY -------- Light Ion Engine Wheel Wheel Armored Wheel Armored Wheel Medium Storage Unit EM Pulse Gun Medium Laser Medium Laser Assault Rifle Grenade Launcher [Rating: 12] Favorites ----------- Power Light Ion Engine Engine Light Ion Engine Propulsion Aluminum Leg Treads Improved Treads Leg Aluminum Leg Wheel Wheel Hover Unit Hover Unit Utility Small Matter Pod Storage Small Matter Pod Weapon Assault Rifle Energy Gun Medium Laser Ballistic Gun Assault Rifle Launcher Grenade Launcher Build | -11 -10 -10 ------- Run | Yrd Mat Sub Slots Evolved . | . . . Power . | . . . Propulsion . | . . . Utility . | . . . Weapon . | . . . Parts Attached 23 | 7 11 5 Power 3 | 2 . 1 Engine 3 | 2 . 1 Core . | . . . Reactor . | . . . Propulsion 10 | 2 6 2 Treads 2 | . 2 . Leg 3 | 2 1 . Wheel 4 | . 2 2 Hover 1 | . 1 . Flight . | . . . Utility 3 | 1 2 . Device . | . . . Storage 3 | 1 2 . Processor . | . . . Hackware . | . . . Protection . | . . . Artifact . | . . . Weapon 7 | 2 3 2 Energy Gun 2 | 1 1 . Energy Cannon . | . . . Ballistic Gun 4 | 1 1 2 Ballistic Cannon . | . . . Launcher 1 | . 1 . Special Weapon . | . . . Impact Weapon . | . . . Slashing Weapon . | . . . Piercing Weapon . | . . . Special Melee Weapon . | . . . Unidentified Prototypes . | . . . Corrupted Parts 1 | . 1 . System Corruption 2 | . 2 . Parts Lost 6 | . 2 4 Power 2 | . 1 1 Propulsion 3 | . 1 2 Utility . | . . . Weapon 1 | . . 1 Highest Loss Streak 4 | . 1 4 To Critical Strikes . | . . . Average Backups 8 | 3 10 11 Power . | . . 1 Propulsion 3 | 1 3 3 Utility 1 | . 1 1 Weapon 3 | . 4 5 Tool/Special . | . . . Unused Backups 9 | . 7 2 Power . | . . . Propulsion 2 | . 1 1 Utility 3 | . 3 . Weapon 4 | . 3 1 Tool/Special . | . . . Average Slot Usage (%) 99 | . 99 97 Engine 14 | . 14 14 Treads 14 | . 9 26 Leg 10 | . 15 . Wheel 1 | . 1 1 Hover 1 | . 1 . Storage 27 | . 27 28 Energy Gun 10 | . 10 11 Ballistic Gun 17 | . 17 15 Peak Build Rating 12 | 6 10 12 Average Rating 7 | 4 8 10 On Entrance 5 | . 6 10 Avg Prop Armor Cover (%) 6 | . 6 . Naked Turns . | . . . Heaviest Build 52 | 8 48 52 Greatest Support 46 | 20 46 46 Greatest Overweight (x) 4 | . 4 1 Average Overweight (x) . | . 1 1 Largest Inventory Capacity 20 | 5 20 20 Average Capacity 15 | 5 18 20 Most Carried 15 | 5 15 12 Average Carried 9 | 3 10 11 Final Capacity 20 | 5 20 20 Final Carried 11 | 5 11 9 Class Distribution -------------------- 100% | Mutant Dominant Class ---------------- Mutant | -10/Materials Mutant | -10/Subcaves Resources | -11 -10 -10 ----------- Run | Yrd Mat Sub Matter Collected 453 | 344 84 25 Remotely . | . . . Salvage Created 349 | 79 169 101 Parts 20 | 3 8 9 Haulers Intercepted . | . . . Recyclers Shooed . | . . . Parts Field Recycled . | . . . Retrieved Matter . | . . . Parts Self-Destructed 4 | . . 4 Prevented . | . . . Parts Restored . | . . . Kills | -11 -10 -10 ------- Run | Yrd Mat Sub Combat Hostiles Destroyed 7 | 1 4 2 Guns 5 | . 3 2 AOE 2 | 1 1 . Classes Destroyed 3 | 2 . 1 Worker 1 | 1 . . Grunt 5 | 1 4 . Subdweller 2 | . . 2 Best Kill Streak 1 | 1 1 1 Combat Bots Only 1 | 1 1 1 Max Kills in Single Turn 1 | 1 1 1 Gunslinging . | . . . Exploded 1 | 1 1 . Melee . | . . . Uniques/NPCs Destroyed . | . . . Combat | -11 -10 -10 -------- Run | Yrd Mat Sub Hostile Shots Fired 92 | 6 31 55 Missed 26 | 1 13 12 Hits 66 | 5 18 43 Projectile 66 | 5 18 43 Critical Strikes 2 | . 1 1 Damage Taken 1330 | 59 310 961 Core 260 | 12 41 207 Absorbed by Shields . | . . . Core Remaining (%) 95 | 95 . . Volleys Fired 36 | 8 19 9 Largest 2 | 2 2 2 Hottest 70 | 60 70 70 Shots Fired 67 | 16 38 13 Gun 67 | 16 38 13 Cannon . | . . . Launcher . | . . . Special . | . . . Kinetic 56 | 8 36 12 Thermal 3 | . 2 1 Explosive . | . . . Electromagnetic 8 | 8 . . Robot Hit Streak 5 | 3 5 5 Robot Miss Streak 5 | 4 5 1 Penetration Max . | . . . Secondary Targets 1 | . . 1 Max Gunslinging Chain 1 | . . 1 Shots Hit Robots 40 | 8 22 10 Core Hits 17 | 3 9 5 Critical Kills . | . . . Critical Parts Destroyed . | . . . Critical Strikes . | . . . Melee Attacks . | . . . Impact . | . . . Slashing . | . . . Piercing . | . . . Sneak Attacks . | . . . Combat Hostiles . | . . . Follow-up Attacks . | . . . Damage Inflicted 685 | 156 363 166 Guns 583 | 134 283 166 Cannons . | . . . Explosions 102 | 22 80 . Melee . | . . . Ramming . | . . . Kinetic 491 | 67 258 166 Thermal 127 | 22 105 . Explosive . | . . . Electromagnetic 67 | 67 . . Impact . | . . . Slashing . | . . . Piercing . | . . . Highest Corruption 2 | . 2 2 Average Corruption 2 | . 2 2 Corruption Purged . | . . . Corruption Blocked . | . . . Effects 3 | . 1 2 Message Errors 1 | . 1 . Parts Rejected 1 | . . 1 Alerts 1 | . . 1 Overload Shots . | . . . Overflow Damage 10 | . 10 . Projectiles . | . . . Explosions 10 | . 10 . Melee . | . . . Knockbacks . | . . . Impact . | . . . Kinetic . | . . . Secondary . | . . . Self-Inflicted Damage 88 | . 88 . Shots 1 | . 1 . Rammed . | . . . Targets Rammed . | . . . Kicked . | . . . Crushed . | . . . Highest Temperature 234 | 12 24 234 Average Temperature 33 | 9 11 206 Received Heat Transfer 663 | 30 138 495 Siege Activations . | . . . Martial Activations . | . . . Shielding Activations . | . . . Robots Disrupted . | . . . Combat Hostiles . | . . . Robots Corrupted . | . . . Combat Hostiles . | . . . Parts Fried . | . . . Impact Corruptions . | . . . Robots Melted . | . . . Combat Hostiles . | . . . Parts Melted . | . . . Heat Transferred 174 | 50 124 . Parts Sabotaged . | . . . Parts Stolen . | . . . Parts Stripped . | . . . Power Chain Reactions 1 | 1 . . Alert | -11 -10 -10 ------- Run | Yrd Mat Sub Maximum Alert Level . | . . . Low Security (%) 100 | 100 100 . Level 1 . | . . . Level 2 . | . . . Level 3 . | . . . Level 4 . | . . . Level 5 . | . . . High Security . | . . . Max Security . | . . . Peak Influence 32 | 20 32 . Initial . | . . . Average 4 | 1 5 . Influence Increases 147 | 25 122 . Destroy 0b10 Robot/C 100 | 20 80 . Destroy 0b10 Robot/NC 5 | 5 . . Destroy Leader 10 | . 10 . Disable Machine 15 | . 15 . Destroy Structure 17 | . 17 . Influence Decreases 147 | 25 122 . Time Decay 127 | 25 102 . Lost Part 20 | . 20 . Squads Dispatched . | . . . Investigation . | . . . Extermination . | . . . Reinforcement . | . . . Assault . | . . . Garrison . | . . . Intercept . | . . . Searches Triggered . | . . . Construction Impeded . | . . . Haulers Reinforced . | . . . Active Scanning Responses . | . . . Cargo Convoy Interrupts . | . . . Stealth | -11 -10 -10 --------- Run | Yrd Mat Sub Distress Signals . | . . . Communications Jammed . | . . . Distress Signals . | . . . Times Spotted 12 | 1 4 7 Peak Tracking Total 6 | 1 2 6 Tactical Retreats . | . . . Traps | -11 -10 -10 ------- Run | Yrd Mat Sub Traps Triggered . | . . . Indirectly . | . . . Trap Hack Attempts . | . . . Triggered . | . . . Disarmed . | . . . Reprogrammed . | . . . Reused . | . . . Traps Extracted . | . . . Installed . | . . . Triggered . | . . . Machines | -11 -10 -10 ---------- Run | Yrd Mat Sub Machines Disabled 1 | . 1 . Max in Single Turn 1 | . 1 . Machines Repaired . | . . . Machines Dismantled . | . . . Machines Sabotaged . | . . . Overloaded Fab Kills . | . . . Hacking | -11 -10 -10 --------- Run | Yrd Mat Sub Machines Accessed 1 | . 1 . Terminals 1 | . 1 . Fabricators . | . . . Repair Stations . | . . . Recycling Units . | . . . Scanalyzers . | . . . Garrison Access . | . . . Total Hacks 1 | . 1 . Successful 1 | . 1 . Failed . | . . . Catastrophic . | . . . Database Lockouts . | . . . Manual . | . . . Terminals 1 | . 1 . Fabricators . | . . . Repair Stations . | . . . Recycling Units . | . . . Scanalyzers . | . . . Garrison Access . | . . . Terminal Hacks 1 | . 1 . Dispatch Records 1 | . 1 . Fabricator Hacks . | . . . Repair Station Hacks . | . . . Recycling Unit Hacks . | . . . Scanalyzer . | . . . Garrison Access Hacks . | . . . Unauthorized Hacks . | . . . Terminals . | . . . Fabricators . | . . . Repair Stations . | . . . Recycling Units . | . . . Scanalyzers . | . . . Garrison Access . | . . . Data Cores Recovered . | . . . Used . | . . . Hacking Detections . | . . . Full Trace Events . | . . . Feedback Events . | . . . Feedback Blocked . | . . . Robot Schematics Acquired . | . . . Robots Built . | . . . Authchips . | . . . Time . | . . . Total Robot Build Rating . | . . . Part Schematics Acquired . | . . . Parts Built . | . . . Authchips . | . . . Time . | . . . Total Part Build Rating . | . . . Part Studies Acquired . | . . . Parts Repaired . | . . . Time . | . . . Parts Recycled . | . . . Recycled Matter . | . . . Retrieved Matter . | . . . Retrieved Components . | . . . Parts Scanalyzed . | . . . Part Schematics Acquired . | . . . Parts Damaged . | . . . Bothacking | -11 -10 -10 ------------ Run | Yrd Mat Sub Used RIF Installer . | . . . Robots Hacked . | . . . Non-combat . | . . . Combat . | . . . Robot Hacks Applied . | . . . Relay Couplers Released . | . . . Fabnet Peak Effective % . | . . . Robots Rewired . | . . . Allies Hacked . | . . . Hacks Repelled . | . . . Allies | -11 -10 -10 -------- Run | Yrd Mat Sub Total Allies . | . . . Largest Group . | . . . Highest-Rated Group . | . . . Highest-Rated Ally . | . . . Total Orders . | . . . Ally Attacks . | . . . Total Damage . | . . . Kills . | . . . Allies Corrupted . | . . . Allies Melted . | . . . Intel | -11 -10 -10 ------- Run | Yrd Mat Sub Active Infowar (turns) . | . . . Robot Analysis Total . | . . . Derelict Logs Recovered . | . . . Drone Launches . | . . . Drone Recoveries . | . . . Exploration | -11 -10 -10 ------------- Run | Yrd Mat Sub Turns Passed 1079 | 221 618 240 Spaces Moved 519 | 162 269 88 Core 27 | 27 . . Treads 165 | . 79 86 Legs 279 | 135 144 . Wheels 48 | . 46 2 Hover . | . . . Flight . | . . . Fastest Speed 50 | 50 120 105 Average Speed 172 | 108 190 236 Slowest Speed 260 | 120 260 240 Overloaded Moves . | . . . Propulsion Burnouts . | . . . Robots Hopped . | . . . Potential Cave-ins . | . . . Cave-ins Triggered . | . . . Exploration Rate (%) 12 | 6 27 5 Regions Visited 2 Branch Regions 1 Pre-discovered Areas . | . . . Known Exits Taken . | . . . Unknown Exits Taken 2 | 1 1 . Scrap Searched . | . . . Spaces Dug . | . . . Terrain Destroyed 19 | . 19 . Melee . | . . . Projectile . | . . . AOE 19 | . 19 . Terrain Rammed . | . . . Walls Destroyed . | . . . Machines Disabled . | . . . Actions | -11 -10 -10 --------- Run | Yrd Mat Sub Total 638 | 191 340 107 Wait 12 | 4 6 2 Move 517 | 161 268 88 Hop . | . . . Pick Up 32 | 11 20 1 Fast Attach 1 | . 1 . Attach 16 | 6 7 3 Detach 2 | . 2 . Swap 10 | 1 5 4 Drop 12 | . 12 . Fire 36 | 8 19 9 Melee . | . . . Ram . | . . . Kick . | . . . Crush . | . . . Escape Stasis . | . . . Rewire . | . . . Trap . | . . . Miscellaneous . | . . . Route ------- -11/Scrapyard -10/Materials (discovered 2 exits: [*Mat] / [*Sub]) -10/Subcaves History --------- Turn | Location | Event 2 | -11/Scrapyard | Met Revision 17 171 | -11/Scrapyard | Discovered new exit (range 8) 222 | -11/Scrapyard | Entered Materials 306 | -10/Materials | Build established: Mutant 621 | -10/Materials | Discovered new exit (range 10) 816 | -10/Materials | Discovered new exit (range 8) 840 | -10/Materials | Entered Subcaves 841 | -10/Subcaves | A swath of the cavern ceiling suddenly collapsed 1020 | -10/Subcaves | Shifting Twisted Machinery released Sub. Shrapnel Launcher 1029 | -10/Subcaves | Ambushed by swarm of Subdwellers 1076 | -10/Subcaves | Core integrity fell below 50% 1079 | -10/Subcaves | Core integrity fell below 20% 1080 | -10/Subcaves | Destroyed by V7-5W5(R) with Subdweller Laser Last Messages --------------- Twisted Machinery. A mess of Twisted Machinery falls from the cavern ceiling. 38-C54(R) comes tumbling into view. 01032_ FO-EDX(R) emerges from the Twisted Machinery. 01040_ 38-C54(R) destroyed. 01040_ Switching to secondary target: FO-EDX(R). 01045_ FO-EDX(R) affixes Scrap Shield Fragment to Scrap Shield. 01047_ Subatomizers dissect the Sub. Optics. 01047_ Acquired Sub. Optics. 01067_ System corrupted: Grenade Launcher rejected. 01069_ Imp. Treads destroyed. 01070_ UJ-HRR(R) destroyed. 01071_ Imp. Treads destroyed. 01072_ Ion Engine destroyed. 01075_ Autogun destroyed. 01077_ Critical hit (Meltdown: +270). Map ----- +----------------------------------------------------+ | ????????????# # ########??????????????????????? | | ????????????## ####?????????????????????????????? | | ????????????# #????????????????????????????????? | | ????????????### ##???????????????????????????????? | | ??????????????## ##??????????????????????????????? | | ???????????????## #??????????????????????????????? | | ????????????????# #####??????????????????????????? | | ???????????????# # ## ##?????????????????????????? | | ???????????????#### # ##????????????????????????? | | ??????????????????## ## ##???????????????????????? | | ???????????????????## ###?????????????????????? | | ???????????????????# #### ##????????????????????? | | ???????????????????#????## #????????????????????? | | ?????????????????????????## ##???????????????????? | | ??????????????????????????# ##??????????????????? | | ??????????????????????????# ##?????????????????? | | ??????????????????????????### ##????????????????? | | ???????????????????????????# ##???????????????? | | ???????????????????????????#### ##??????????????? | | ??????????????????????????????## ####???????????? | | ???????????????????????????????## # #???????????? | | ????????????????????????????????## ##???????????? | | ???????????????????????#?????????# # #???????????? | | ??????????????????????## ?###??### ##???????????? | | ?????????????????????## ## #??# ##????????????? | | ?????????????????????# @ #??# # #?????????????? | | ????????????????????## ]#??# # #?????????????? | | ????????????????????# RRRR##### ##?????????????? | | ????????????????????## R*= #"##*#??????????????? | | ?????????????????????## %&#??????????????? | | ??????????????????????# [ !#??????????????? | | ??????????????????????## """"] #??????????????? | | ???????????????????????#" """" #?????????????? | | ???????????????????????# """"### #????????????? | | ??????????????????????" """#?# ??????????? | | ????????????????????? " " ##? ????????? | | ????????????????????" " ??? ## #??????? | | ????????????????????" ????? #??##??????? | | ???????????????????#"? ?????? ###??????????? | | ??????????????????????#??????? #????????????? | | ?????????????????????????????? #????????????? | | ?????????????????????????????? #????????????? | | ?????????????????????????????? ####????????????? | | ??????????????????????????????? ????????????????? | | ??????????????????????????????? ????????????????? | | ?????????????????????????????????????????????????? | | ?????????????????????????????????????????????????? | | ?????????????????????????????????????????????????? | | ?????????????????????????????????????????????????? | | ?????????????????????????????????????????????????? | +----------------------------------------------------+ Best States ------------- Heat Dissipation 25 Energy Generation 10 Energy Capacity 250 Matter Stores 350 Matter Capacity 350 Sight Range 16 Terrain Scan Density 10 Evasion (%) 55 Recoil Reduction 2 Item Schematics ----------------- None Robot Schematics ------------------ None Fabricated ------------ Nothing Repaired ---------- Nothing Studied --------- None Alien Tech Used ----------------- None Achievements -------------- A Problem For Future Me DATA ERROR: Steam Global Achievement% Organ Harvest Challenges ------------ None Game ------ Seed MappingBombardmentDiverter Manual? 0 Play Time 00:18:57 Cumulative 1.7 hours Start 2025.10.22 @ 23:21:50 End 2025.10.22 @ 23:39:07 Sessions 1 Manual Loads 0 Difficulty Rogue Special Mode None Game No. 3 Rogue 3 Adventurer 0 Explorer 0 Win Type - Total 0 Types 0/0/0/0/0/0/0/0/0/0 Lore% 0 Gallery% 4 Achievement% 2 Wizard Run 0 Options --------- Layout 1 ASCII 0 Keyboard 0 Movement Arrows Keybinds 0 Fullscreen 1 Font 32/SmallcapsGlow Map View 50x35 Zoom Use 0% Tactical HUD 1 Map Filters NONE Filters NONE Steam 1 RUN: bfce1772-c69f-4d11-8ba4-c4a929176be9